AoeStats
← Launger

Arena

508553394Analyzed
4v4 RM · 11d ago on Sep 23, 2026· 38m 11s· 8 players
Game mode
Random Map
Map size
Large (8 player)
Population
200
Speed
Normal
Resources
Standard
Victory
Conquest
Starting age
Dark Age
Ending age
Imperial Age
RankedLock teamsTeams togetherTeam positionsShared explorationLock speedFull tech treeHidden civsTurbo modeCheats
Victory
Defeat
🇧🇷 Hindustanis · Brazil
1232
+11
🇨🇳 Saxons · China
1202
+12
🇹🇼 Huns · Taiwan
1192
+13
🇵🇱 Burgundians · Poland
1165
+14
🇺🇸 Varangians · United States
1202
-15
🇦🇷 Celts · Argentina
1160
-14
1124
-13
🇺🇸 Franks · United States
1002
-8
Akane
CyanCheese20019
10:31 Feudal Age
9:54 Loom
14:10 Castle Age
12:18 Double-Bit Axe
12:50 Horse Collar
15:05 Bow Saw
18:31 Heavy Plow
19:40 Town Watch
21:44 Fletching
22:23 Bodkin Arrow
23:31 Wheelbarrow
nborgesfilho
10:23 Feudal Age
14:13 Castle Age
12:26 Double-Bit Axe
12:24 Horse Collar
15:51 Loom
22:21 Loom
23:32 Heavy Plow
24:18 Bow Saw
24:44 Wheelbarrow
29:00 Imperial Age
26:49 Hand Cart
28:00 Forging
28:28 Bloodlines
28:20 Husbandry
28:30 Scale Barding Armor
29:20 Iron Casting
29:49 Chain Barding Armor
29:25 Fletching
31:14 Chemistry
30:19 Siege Engineers
31:52 Blast Furnace
31:35 Plate Barding Armor
30:51 Heavy Camel Rider
31:34 Town Watch
32:21 Padded Archer Armor
32:18 Bodkin Arrow
32:57 Conscription
33:05 Fortified Wall
33:05 Masonry
33:16 Ballistics
33:56 Bracer
33:49 Light Cavalry
36:05 Two-Man Saw
34:40 Hussar
37:50 Scale Mail Armor
38:06 Leather Archer Armor
37:48 Murder Holes
37:59 Gold Mining
39:18 Gold Shaft Mining
38:34 Stone Mining
Launger
10:20 Feudal Age
9:10 Double-Bit Axe
14:06 Castle Age
12:31 Double-Bit Axe
13:51 Bow Saw
20:03 Horse Collar
20:44 Heavy Plow
20:57 Loom
21:48 Wheelbarrow
22:34 Scale Barding Armor
22:46 Gold Mining
23:20 Forging
23:56 Hand Cart
23:45 Husbandry
23:07 Cavalier
24:52 Chain Barding Armor
25:20 Gold Shaft Mining
36:36 Imperial Age
38:02 Plate Barding Armor
36:56 Paladin
38:46 Iron Casting
38:03 Fletching
TheYolis
0:49 Loom
2:31 Loom
10:56 Feudal Age
17:29 Castle Age
17:11 Stone Mining
17:32 Double-Bit Axe
20:54 Scale Barding Armor
21:42 Pikeman
23:18 Fervor
23:30 Gold Mining
26:17 Wheelbarrow
27:03 Forging
32:48 Imperial Age
31:28 Fortified Wall
32:37 Chain Barding Armor
33:59 Conscription
33:04 Cavalier
33:07 Halberdier
33:49 Squires
[ATARB] ExDic Nicolas Maduro
7:42 Loom
9:30 Feudal Age
14:33 Castle Age
14:16 Double-Bit Axe
14:17 Horse Collar
14:24 Loom
18:23 Husbandry
19:19 Bloodlines
24:39 Scale Barding Armor
24:45 Forging
25:54 Chain Barding Armor
26:23 Gold Mining
AGARRINI LA PALINI
0:27 Loom
[ATARB]PELUCHE GUACHIN
12:56 Feudal Age
17:36 Castle Age
16:33 Loom
21:08 Double-Bit Axe
22:54 Gold Mining
26:55 Forging
27:02 Bow Saw
29:00 Scale Mail Armor
31:03 Iron Casting
33:49 Pikeman
34:16 Gambesons
35:03 Chain Mail Armor
Connection lost

Rejoining the realm…

Still unreachable

The connection could not be restored.

Session expired

The server has moved on; the page needs a fresh start.